 Dungeon Sprint DCSS version 0.31-a0-920-g28cbb04a8c (webtiles) character file.

Game seed: 3735428163036617514

280482 sircluck the Heavyweight Champion (level 19, -4/245 HPs)
             Began as a Troll Berserker on Oct 17, 2023.
             Was the Champion of Trog.
             Slain by a death scarab (17 damage)
             ... summoned by Khufu
             ... in the Dungeon (Sprint VII: "The Pits").
             The game lasted 00:42:03 (8824 turns).

sircluck the Heavyweight Champion (Troll Berserker) Turns: 8824, Time: 00:42:03

Health: -4/245     AC: 51    Str: 52    XL:     19   Next: 68%
Magic:  0/18       EV: 14    Int:  2    God:    Trog [******]
Gold:   188        SH: 26    Dex:  8    Spells: 18/18 levels left

rFire   + +          +
                       - Unarmed
rCold   + + .        O - +3 tower shield {AC+3}
rNeg    + . .        u - +10 gold dragon scales
rPois   +            k - +2 hat "Pymuorgh" {Fly rF+ Regen+}
rElec   +            P - +4 cloak
rCorr   .            (gloves unavailable)
SInv    .            (boots unavailable)
Will    +....        M - amulet "Maiv" {Spirit -Cast rElec rF+++ Str+6} Stlth
                     D - +5 ring of slaying
HPRegen 2.20/turn    H - ring of the Camelopard {rC+ rN+ Str+6 Stlth-}
MPRegen 0.16/turn

%: no teleportation, no spellcasting, clarity, guardian spirit
@: flying, slowed, very slow
A: large, unfitting armour, claws 3, regeneration 1, shaggy fur 1, tough skin 1,
iridescent scales 1, clarity, strong 1
}: 2/3 runes: silver, iron
a: Renounce Religion, Berserk, Trog's Hand, Brothers in Arms


You were in the Dungeon.
You worshipped Trog.
Trog was exalted by your worship.
You visited 1 branch You collected 188 gold pieces.

Inventory:

Missiles
 B - 14 large rocks
Armour
 k - the +2 hat "Pymuorgh" (worn) {Fly rF+ Regen+}
   (You found it in the Dungeon)

   rF+:       It protects you from fire.
   Fly:       It grants you flight.
   Regen+:    It increases your rate of health regeneration.
 p - a +4 hat
 u - +10 gold dragon scales (worn)
 v - a +5 tower shield
 O - a +3 tower shield of protection (worn)
 P - a +4 cloak (worn)
Jewellery
 z - a ring of protection from cold
 A - the ring of the Tormentor {rF+ Dex+2}
   (You found it in the Dungeon)

   [ring of protection from fire]

   Dex+2:     It affects your dexterity (+2).
   rF+:       It protects you from fire.
 D - a +5 ring of slaying (left claw)
 E - the ring of Noon {rC+ Will+ Str+3}
   (You found it in the Dungeon)

   [ring of willpower]

   Str+3:     It affects your strength (+3).
   rC+:       It protects you from cold.
   Will+:     It increases your willpower.
 F - the ring "Fefuesm" {rC+ rCorr}
   (You found it in the Dungeon)

   [ring of protection from cold]

   rC+:       It protects you from cold.
   rCorr:     It protects you from acid and corrosion.
 G - the ring "Hymed" {AC+6 Dex+2}
   (You found it in the Dungeon)

   [ring of protection]

   AC+6:      It affects your AC (+6).
   Dex+2:     It affects your dexterity (+2).
 H - the ring of the Camelopard (right claw) {rC+ rN+ Str+6 Stlth-}
   (You found it in the Dungeon)

   [ring of strength]

   Str+6:     It affects your strength (+6).
   rC+:       It protects you from cold.
   rN+:       It protects you from negative energy.
   Stlth-:    It makes you less stealthy.
 K - the amulet "Pami" {Spirit *Slow Int+2 Dex+8}
   (You found it in the Dungeon)

   [amulet of guardian spirit]

   Spirit:    It causes incoming damage to be divided between your reserves of
   health and magic.
   Int+2:     It affects your intelligence (+2).
   Dex+8:     It affects your dexterity (+8).
   *Slow:     It may slow you when you take damage.
 L - the ring "Tezyon" {Fire Str+3}
   (You found it in the Dungeon)

   [ring of fire]

   Fire:      It enhances your fire magic.
   Str+3:     It affects your strength (+3).
   rF+:       It protects you from fire.
   rC-:       It makes you vulnerable to cold.
 M - the amulet "Maiv" (around neck) {Spirit -Cast rElec rF+++ Str+6}
   (You found it in the Dungeon)

   [amulet of guardian spirit]

   Spirit:    It causes incoming damage to be divided between your reserves of
   health and magic.
   Str+6:     It affects your strength (+6).
   rF+++:     It renders you almost immune to fire.
   rElec:     It insulates you from electricity.
   -Cast:     It prevents spellcasting.
 N - the amulet of Layf {Reflect rF+ Int+3 SH+5}
   (You found it in the Dungeon)

   [amulet of reflection]

   Reflect:   It reflects blocked missile attacks.
   Int+3:     It affects your intelligence (+3).
   rF+:       It protects you from fire.
   SH+5:      It affects your SH (+5).
 Q - the ring of the Stained God {*Corrode Will+ Str+5 Int+2 Stlth-}
   (You found it in the Dungeon)

   [ring of willpower]

   Str+5:     It affects your strength (+5).
   Int+2:     It affects your intelligence (+2).
   Will+:     It increases your willpower.
   *Corrode:  It may corrode you when you take damage.
   Stlth-:    It makes you less stealthy.
 R - the ring "Korch" {Dex+5 SInv Stlth+}
   (You found it in the Dungeon)

   [ring of see invisible]

   Dex+5:     It affects your dexterity (+5).
   SInv:      It lets you see invisible.
   Stlth+:    It makes you more stealthy.
 T - the ring "Ipaos" {rC+ rCorr Int+3 Slay+3}
   (You took it off a deep elf high priest in the Dungeon)

   [ring of protection from cold]

   Int+3:     It affects your intelligence (+3).
   Slay+3:    It affects your accuracy & damage with ranged weapons and melee
   (+3).
   rC+:       It protects you from cold.
   rCorr:     It protects you from acid and corrosion.
 X - a +6 ring of evasion
 Y - a +6 ring of strength
 Z - a +3 ring of slaying
Wands
 t - a wand of roots (10)
 C - a wand of light (9)
 I - a wand of charming (3)
 J - a wand of flame (18)
Scrolls
 a - a scroll of silence
 i - 3 scrolls of vulnerability
 j - a scroll of butterflies
 q - 5 scrolls of fog
 r - 10 scrolls of identify
 s - 5 scrolls of enchant weapon
 w - a scroll of immolation
 x - a scroll of acquirement
 y - a scroll of torment
 S - a scroll of poison
 V - 5 scrolls of enchant armour
Potions
 b - 9 potions of curing
 c - 2 potions of heal wounds
 d - 11 potions of haste
 e - 9 potions of magic
 f - 11 potions of berserk rage
 l - 9 potions of mutation
 m - 2 potions of cancellation
 n - 4 potions of resistance
 o - 4 potions of might
 U - a potion of lignification


   Skills:
 O Level 27 Fighting
 + Level 19.0 Throwing
 O Level 27 Armour
 O Level 27 Dodging
 + Level 13.7 Stealth
 O Level 27 Shields
 O Level 27 Unarmed Combat


You had 18 spell levels left.
You didn't know any spells.
Your spell library was empty.

Dungeon Overview and Level Annotations

Branches:
Dungeon (1/1)

Altars:
Ashenzari
Cheibriados
Dithmenos
Elyvilon
Fedhas
Gozag
Hepliaklqana
Kikubaaqudgha
Makhleb
Nemelex Xobeh
Okawaru
Qazlal
Ru
Sif Muna
Trog
Uskayaw
Vehumet
Wu Jian
Xom
Yredelemnul
Zin
The Shining One
Jiyva
Lugonu

Annotations:
D Khufu


Innate Abilities, Weirdness & Mutations

You are too large for most types of armour.
You have claws for hands.
Your natural rate of healing is unusually fast.
You are covered in fur. (AC +1)
You have tough skin. (AC +1)
You are partially covered in iridescent scales. (AC +2)
You possess an exceptional clarity of mind.
Your muscles are strong. (Str +4, Int/Dex -1)


Message History

Your iron troll seems to slow down.
Unknown command.
The death scarab attacks as it pursues you!
The death scarab barely misses you.
The death scarab bites your iron troll!!
The death scarab drains your iron troll's vigour!
Your iron troll seems to slow down.
The death scarab closely misses you. The death scarab bites your iron troll.
You block the death scarab's attack.
The death scarab barely misses your iron troll.
The death scarab completely misses your iron troll.
The death scarab bites your iron troll!!
The death scarab drains your iron troll's vigour!
Your iron troll seems to slow down.
The death scarab bites your iron troll!!
You block the death scarab's attack. The death scarab bites your iron troll!
The death scarab drains your iron troll's vigour!
Your iron troll seems to slow down.
Khufu casts a spell at you. Something smites you!
* * * LOW HITPOINT WARNING * * *
Your iron troll bites the death scarab!!!
The death scarab is destroyed!
The death scarab's corpse disappears in a puff of smoke!
Unknown command.
You feel much better. The death scarab bites you!
* * * LOW HITPOINT WARNING * * *
The death scarab drains your vigour!
You feel as though you will be slow longer.
The death scarab draws strength from your injuries!
You block the death scarab's attack.
The death scarab bites your iron troll but does no damage.
You block the death scarab's attack.
The death scarab waves its antennae.
The death scarab bites your iron troll!!
Your iron troll dies!
Your iron troll's corpse disappears in a puff of smoke!
The death scarab barely misses you. You block the death scarab's attack.
The death scarab bites you!
You die...

..###...###.....###............
###.......###....#.............
##...........##...#.............
##.............##..#.............
#...............#................
#...............#................
#...............#................
##.............##B.#.............
X##...........##@..#.............
.1###.).....###BB.B#.............
....###)..###ssXBB###............
.A..).B1...MX.M..## ##..........#
#...ss&M.X1.....## ##..).)...##
################# ####)'####
################ #######)'####
.#....#:)......# ###.....).....##
......#........###......)........


You could see Khufu, a royal mummy, a Hell Sentinel, 2 emperor scorpions, 3 Orb
Guardians and 6 death scarabs.

Vanquished Creatures
  Asmodeus (D)
  Dissolution (D)
  Ignacio (D)
  Ereshkigal (D)
  Mnoleg (D)
  An orb of fire (D)
  2 ancient liches (D)
  Mennas (D)
  7 pandemonium lords (D)
  A Killer Klown (D)
  2 royal mummies (D)
  Boris (D)
  Xtahua (D)
  A curse toe (D)
  the Lernaean hydra (D)
  Frederick (D)
  Nikola (D)
  Jory (D)
  A golden dragon (D)
  5 pearl dragons (D)
  A bone dragon (D)
  2 Tzitzimimeh (D)
  3 Brimstone Fiends (D)
  A hellephant (D)
  A Hell Sentinel (D)
  2 Ice Fiends (D)
  3 liches (D)
  12 Orb Guardians (D)
  7 titans (D)
  2 deep elf blademasters (D)
  A sphinx (D)
  A death cob (D)
  Frances (D)
  2 Executioners (D)
  2 shadow dragons (D)
  5 storm dragons (D)
  A nagaraja (D)
  An azure jelly (D)
  A draconian knight (D)
  A frost giant (D)
  3 fire giants (D)
  2 deep elf sorcerers (D)
  Louise (D)
  An iron dragon (D)
  An emperor scorpion (D)
  3 ghost moths (D)
  3 ghouls (D)
  3 balrugs (D)
  19 orc warlords (D)
  An angel (D)
  A cacodemon (D)
  2 draconian stormcallers (D)
  A spriggan defender (D)
  A draconian annihilator (D)
  A reaper (D)
  A war gargoyle (D)
  2 stone giants (D)
  2 ophanim (D)
  A vampire knight (D)
  4 green draconians (D)
  2 white draconians (D)
  6 purple draconians (D)
  A dire elephant (D)
  An apis (D)
  3 deep elf demonologists (D)
  3 deep elf annihilators (D)
  A lorocyproca (D)
  A red draconian (D)
  3 yellow draconians (D)
  A black draconian (D)
  2 ettins (D)
  3 deep elf death magi (D)
  3 blizzard demons (D)
  3 deep elf high priests (D)
  Josephine (D)
  4 green deaths (D)
  A merfolk javelineer (D)
  A fire dragon (D)
  A great orb of eyes (D)
  3 vault guards (D)
  A merfolk avatar (D)
  3 ogre magi (D)
  3 spriggan air magi (D)
  An alligator snapping turtle (D)
  A centaur warrior (D)
  4 death knights (D)
  5 two-headed ogres (D)
  A boulder beetle (D)
  3 death yaks (D)
  2 naga warriors (D)
  2 vampire magi (D)
  7 orc high priests (D)
  7 hell knights (D)
  A shock serpent (shapeshifter) (D)
  A spriggan berserker (D)
  3 soul eaters (D)
  5 sun demons (D)
  An iron troll (D)
  4 deep elf knights (D)
  A spriggan druid (D)
  A fire crab (D)
  4 cherubim (D)
  2 bog bodies (D)
  A naga ritualist (D)
  A lindwurm (shapeshifter) (D)
  3 harpies (D)
  3 necromancers (D)
  A deep elf pyromancer (D)
  A phantasmal warrior (D)
  17 orc knights (D)
  6 orc sorcerers (D)
  An ugly thing (D)
  A salamander (D)
  A cyclops (D)
  A guardian serpent (D)
  A smoke demon (D)
  A molten gargoyle (D)
  3 naga magi (D)
  An eye of devastation (D)
  4 hellions (D)
  A rime drake (D)
  2 ice devils (D)
  A freezing wraith (D)
  A guardian mummy (D)
  A troll (D)
  4 merfolk (D)
  A tyrant leech (D)
  A hellwing (D)
  12 dream sheep (D)
  A hornet (D)
  A snapping turtle (D)
  11 slime creatures (D)
  2 wraiths (D)
  2 shadows (D)
  4 yaks (D)
  A basilisk (D)
  A chaos spawn (D)
  A fire elemental (D)
  A golden eye (D)
  2 redbacks (D)
  3 vampire mosquitoes (D)
  A warg (D)
  2 floating eyes (D)
  A water moccasin (D)
  17 orc warriors (D)
  A black bear (D)
  6 ogres (D)
  2 centaurs (D)
  2 kobold brigands (D)
  A bullfrog (D)
  6 killer bees (D)
  A quasit (D)
  A hound (D)
  A gnoll bouda (D)
  2 mummies (D)
  5 gnolls (D)
  An adder (D)
  A worm (D)
  5 orcs (D)
  An endoplasm (D)
  2 giant cockroaches (D)
  A goblin (D)
  4 hobgoblins (D)
  4 jackals (D)
  2 kobolds (D)
  A quokka (D)
414 creatures vanquished.

Vanquished Creatures (collateral kills)
  A pandemonium lord (D)
  An Orb Guardian (D)
  2 nagarajas (D)
  An emperor scorpion (D)
  An angel (D)
  2 orc warlords (D)
  A stone giant (D)
  A yellow draconian (D)
  A mummy priest (D)
  2 vault guards (D)
  3 hydras (D)
  An ice dragon (D)
  A naga warrior (D)
  2 alligators (D)
  2 vampire magi (D)
  A demonic crawler (D)
  A fire crab (D)
  A soul eater (D)
  A deep troll (D)
  A shadow wraith (D)
  A necromancer (D)
  A deep elf pyromancer (D)
  2 harpies (D)
  6 orc knights (D)
  A deep elf zephyrmancer (D)
  A merfolk siren (D)
  A moth of wrath (D)
  A rust devil (D)
  A yaktaur (D)
  2 efreet (D)
  A komodo dragon (shapeshifter) (D)
  A guardian mummy (D)
  2 wind drakes (D)
  A troll (D)
  A water elemental (D)
  2 wraiths (D)
  A vampire mosquito (D)
  A wolf (D)
  A bullfrog (D)
  A gnoll sergeant (D)
  5 wights (D)
  6 killer bees (D)
  A quasit (D)
  An orc wizard (D)
  2 gnolls (D)
71 creatures vanquished.

Vanquished Creatures (others)
  Margery (D)
  An eldritch tentacle (D)
  A deep elf death mage (D)
  A sea snake (D)
  An orc sorcerer (D)
  A basilisk (D)
  A golden eye (D)
  A swamp drake (D)
  An orc wizard (D)
  An orc (D)
10 creatures vanquished.

Grand Total: 495 creatures vanquished

Notes
Turn   | Place    | Note
-------+----------+-------------------------------------------
     0 | D        | sircluck the Troll Berserker began the quest for the Orb.
     0 | D        | Reached XP level 1. HP: 22/22 MP: 0/0
    11 | D        | Noticed a demonic crawler
    11 | D        | Noticed a basilisk
   145 | D        | Found a bloodstained altar of Trog.
   145 | D        | Found a shimmering blue altar of Sif Muna.
   145 | D        | Found a viscous altar of Jiyva.
   145 | D        | Found a hazy altar of Hepliaklqana.
   145 | D        | Found an opulent altar of Gozag.
   146 | D        | Found a glowing golden altar of the Shining One.
   146 | D        | Found a glowing silver altar of Zin.
   146 | D        | Found a basalt altar of Yredelemnul.
   146 | D        | Found a shimmering altar of Xom.
   146 | D        | Found an ornate altar of the Wu Jian Council.
   146 | D        | Found a sacrificial altar of Ru.
   146 | D        | Found a stormy altar of Qazlal.
   146 | D        | Found an iron altar of Okawaru.
   146 | D        | Found a sparkling altar of Nemelex Xobeh.
   146 | D        | Found a burning altar of Makhleb.
   146 | D        | Found a blossoming altar of Fedhas.
   146 | D        | Found a white marble altar of Elyvilon.
   146 | D        | Found a shadowy altar of Dithmenos.
   146 | D        | Found a snail-covered altar of Cheibriados.
   148 | D        | Found a radiant altar of Vehumet.
   148 | D        | Found a corrupted altar of Lugonu.
   149 | D        | Found a hide-covered altar of Uskayaw.
   149 | D        | Found an ancient bone altar of Kikubaaqudgha.
   149 | D        | Found a broken altar of Ashenzari.
   182 | D        | Noticed a floating eye
   189 | D        | Paralysed by a floating eye for 3 turns
   190 | D        | Reached XP level 2. HP: 28/31 MP: 1/1
   195 | D        | Killed a floating eye
   195 | D        | Reached ** piety under Trog
   196 | D        | Reached skill level 5 in Fighting
   196 | D        | Reached skill level 5 in Dodging
   196 | D        | Reached XP level 3. HP: 42/42 MP: 2/2
   196 | D        | Reached XP level 4. HP: 50/50 MP: 3/3
   215 | D        | Reached *** piety under Trog
   264 | D        | Noticed an ogre
   264 | D        | Noticed a centaur
   280 | D        | Killed an ogre
   281 | D        | Reached XP level 5. HP: 34/59 MP: 4/4
   286 | D        | Killed a centaur
   286 | D        | Reached **** piety under Trog
   287 | D        | Reached XP level 6. HP: 36/68 MP: 5/5
   361 | D        | Reached ***** piety under Trog
   369 | D        | Noticed a two-headed ogre
   374 | D        | Killed a two-headed ogre
   375 | D        | Reached skill level 10 in Unarmed Combat
   375 | D        | Reached XP level 7. HP: 62/83 MP: 6/6
   375 | D        | Reached XP level 8. HP: 69/92 MP: 7/7
   419 | D        | Noticed a hellwing
   433 | D        | Killed a hellwing
   438 | D        | Received a gift from Trog
   502 | D        | Gained mutation: You possess an exceptional clarity of
                  | mind. [potion of mutation]
   502 | D        | Gained mutation: Your muscles are strong. (Str +4, Int/Dex
                  | -1) [potion of mutation]
   502 | D        | Gained mutation: You are partially covered in iridescent
                  | scales. (AC +2) [potion of mutation]
   647 | D        | Reached skill level 10 in Fighting
   655 | D        | Killed a demonic crawler
   656 | D        | Reached skill level 10 in Dodging
   656 | D        | Reached XP level 9. HP: 102/102 MP: 8/8
   711 | D        | Reached ****** piety under Trog
   712 | D        | Received a gift from Trog
   793 | D        | Noticed a merfolk siren
   801 | D        | Received a gift from Trog
   803 | D        | Killed a merfolk siren
   804 | D        | Reached XP level 10. HP: 7/115 MP: 9/9
   804 | D        | HP: 5/115 [poisoned by a hornet]
   902 | D        | Noticed an eight-headed hydra
   903 | D        | Noticed a spriggan druid
   905 | D        | Noticed a five-headed hydra
   907 | D        | Killed a nine-headed hydra
   915 | D        | Killed a spriggan druid
   915 | D        | Received a gift from Trog
   918 | D        | Received a gift from Trog
   918 | D        | Killed a seven-headed hydra
   919 | D        | Reached skill level 15 in Unarmed Combat
   931 | D        | Noticed a moth of wrath
   932 | D        | Killed a moth of wrath
  1028 | D        | Noticed a smoke demon
  1028 | D        | Noticed a molten gargoyle
  1030 | D        | Killed a molten gargoyle
  1030 | D        | Received a gift from Trog
  1036 | D        | Killed a smoke demon
  1094 | D        | Noticed Josephine
  1098 | D        | Killed Josephine
  1099 | D        | Reached XP level 11. HP: 109/128 MP: 10/10
  1100 | D        | Noticed a phantasmal warrior
  1100 | D        | Noticed a deep elf pyromancer
  1108 | D        | Killed a shadow wraith
  1110 | D        | Killed a phantasmal warrior
  1113 | D        | Killed a deep elf pyromancer
  1117 | D        | Received a gift from Trog
  1266 | D        | Received a gift from Trog
  1285 | D        | Received a gift from Trog
  1289 | D        | Noticed an orc sorcerer
  1294 | D        | Killed an orc sorcerer
  1436 | D        | Received a gift from Trog
  1468 | D        | Noticed an alligator
  1468 | D        | Noticed an alligator
  1479 | D        | Killed an alligator
  1480 | D        | Reached skill level 15 in Fighting
  1482 | D        | Killed an alligator
  1483 | D        | Reached skill level 15 in Dodging
  1511 | D        | Received a gift from Trog
  1623 | D        | Reached XP level 12. HP: 121/143 MP: 11/11
  1643 | D        | Noticed an alligator snapping turtle
  1648 | D        | Reached skill level 1 in Armour
  1658 | D        | Killed an alligator snapping turtle
  1800 | D        | Noticed a frost giant
  1800 | D        | Noticed a stone giant
  1800 | D        | Noticed an ice dragon
  1803 | D        | Killed an ice dragon
  1806 | D        | Killed a stone giant
  1806 | D        | Noticed a yellow draconian
  1810 | D        | Identified the ring "Luab Kie" {rElec rPois}
  1811 | D        | Killed a yellow draconian
  1812 | D        | Noticed an emperor scorpion
  1813 | D        | Received a gift from Trog
  1816 | D        | Killed an emperor scorpion
  1821 | D        | Reached skill level 5 in Armour
  1823 | D        | Killed a frost giant
  2016 | D        | Noticed a vampire knight
  2019 | D        | Received a gift from Trog
  2022 | D        | Killed a vampire knight
  2025 | D        | Noticed an ettin
  2027 | D        | Killed an ettin
  2029 | D        | Noticed a centaur warrior
  2035 | D        | Killed a centaur warrior
  2045 | D        | Noticed a vampire mage
  2050 | D        | Killed a vampire mage
  2050 | D        | Received a gift from Trog
  2052 | D        | Noticed an angel
  2056 | D        | Reached XP level 13. HP: 119/154 MP: 12/12
  2058 | D        | Killed an angel
  2062 | D        | Received a gift from Trog
  2073 | D        | Noticed a nagaraja
  2080 | D        | Received a gift from Trog
  2083 | D        | Killed a nagaraja
  2087 | D        | HP: 5/156 [tyrant leech (20)]
  2116 | D        | Received a gift from Trog
  2327 | D        | Noticed a deep elf death mage
  2345 | D        | Killed a deep elf death mage
  2349 | D        | Noticed a deep elf death mage
  2356 | D        | Killed a deep elf death mage
  2414 | D        | Noticed a green draconian
  2431 | D        | Killed a green draconian
  2489 | D        | Received a gift from Trog
  2617 | D        | Noticed a yellow draconian
  2639 | D        | Killed a yellow draconian
  2743 | D        | Received a gift from Trog
  2745 | D        | Noticed a yellow draconian
  2830 | D        | Noticed a purple draconian
  2841 | D        | Killed a purple draconian
  2862 | D        | Noticed a lich
  2880 | D        | Killed a lich
  2881 | D        | Reached skill level 10 in Armour
  2963 | D        | Noticed an ancient lich
  2967 | D        | Killed an ancient lich
  2967 | D        | Received a gift from Trog
  2991 | D        | Killed a yellow draconian
  2992 | D        | Noticed a purple draconian
  2993 | D        | Noticed a nagaraja
  3004 | D        | Killed a purple draconian
  3008 | D        | Killed a nagaraja
  3009 | D        | Reached XP level 14. HP: 127/170 MP: 13/13
  3052 | D        | Noticed a deep elf sorcerer
  3059 | D        | Killed a deep elf sorcerer
  3059 | D        | Received a gift from Trog
  3131 | D        | Noticed a titan
  3141 | D        | Identified the +7 giant club of Destruction {heavy, rN+
                  | Stlth+} (Trog gifted it to you in the Dungeon)
  3141 | D        | Received a gift from Trog
  3147 | D        | Killed a titan
  3192 | D        | Got the ring of Noon {rC+ Will+ Str+3}
  3196 | D        | Got the ring "Fefuesm" {rC+ rCorr}
  3198 | D        | Got the ring "Hymed" {AC+6 Dex+2}
  3200 | D        | Got the ring of the Camelopard {rC+ rN+ Str+6 Stlth-}
  3242 | D        | Got the amulet "Pami" {Spirit *Slow Int+2 Dex+8}
  3244 | D        | Got the ring "Tezyon" {Fire Str+3}
  3246 | D        | Got the amulet "Maiv" {Spirit -Cast rElec rF+++ Str+6}
  3254 | D        | Got the amulet of Layf {Reflect rF+ Int+3 SH+5}
  3286 | D        | Noticed a Hell Sentinel
  3295 | D        | Killed a Hell Sentinel
  3335 | D        | Noticed Ignacio
  3341 | D        | Killed Ignacio
  3462 | D        | Noticed a pearl dragon
  3468 | D        | Killed a pearl dragon
  3515 | D        | Noticed a black draconian knight
  3523 | D        | Killed a black draconian knight
  3523 | D        | Received a gift from Trog
  3556 | D        | Noticed a storm dragon
  3560 | D        | Killed a storm dragon
  3580 | D        | Noticed Frederick
  3583 | D        | Killed Frederick
  3714 | D        | Noticed a deep elf blademaster
  3714 | D        | Noticed an ophan
  3714 | D        | Noticed a pearl dragon
  3714 | D        | Noticed an orb of fire
  3714 | D        | Noticed a storm dragon
  3738 | D        | Killed an orb of fire
  3744 | D        | Killed a pearl dragon
  3744 | D        | Received a gift from Trog
  3745 | D        | Reached skill level 15 in Armour
  3746 | D        | Killed an ophan
  3749 | D        | Killed a storm dragon
  3754 | D        | Killed a deep elf blademaster
  3791 | D        | Noticed Ereshkigal
  3798 | D        | Paralysed by Ereshkigal for 3 turns
  3819 | D        | Noticed a Tzitzimitl
  3820 | D        | Killed Ereshkigal
  3821 | D        | Reached XP level 15. HP: 98/184 MP: 7/14
  3935 | D        | Received a gift from Trog
  3964 | D        | Received a gift from Trog
  3981 | D        | Received a gift from Trog
  4005 | D        | Received a gift from Trog
  4099 | D        | Received a gift from Trog
  4160 | D        | Noticed Dissolution
  4165 | D        | Killed Dissolution
  4168 | D        | Received a gift from Trog
  4219 | D        | Found the +10 Black Knight's barding {ponderous, rPois rN+}
  4270 | D        | Found the +2 cloak of the Thief {*Fog Slay-2 SInv Stlth+}
  4429 | D        | Received a gift from Trog
  4507 | D        | Received a gift from Trog
  4531 | D        | Received a gift from Trog
  4631 | D        | Noticed Frances
  4640 | D        | Killed Frances
  4640 | D        | Received a gift from Trog
  4647 | D        | Reached XP level 16. HP: 138/201 MP: 11/15
  4658 | D        | Identified the +11 triple sword "Rolishuj" {flame, rElec
                  | rPois rCorr Str+3} (Trog gifted it to you in the Dungeon)
  4658 | D        | Received a gift from Trog
  4688 | D        | Identified the ring "Ipaos" {rC+ rCorr Int+3 Slay+3}
  4714 | D        | Noticed Jory
  4725 | D        | Killed Jory
  4731 | D        | Received a gift from Trog
  4779 | D        | Noticed a pearl dragon
  4795 | D        | Killed a pearl dragon
  4815 | D        | Received a gift from Trog
  4923 | D        | Noticed a sphinx
  4932 | D        | Killed a sphinx
  4939 | D        | Received a gift from Trog
  4951 | D        | Received a gift from Trog
  5105 | D        | Reached skill level 27 in Unarmed Combat
  5107 | D        | Received a gift from Trog
  5185 | D        | Found the +5 glaive of the Guard {elec, spectral}
  5404 | D        | Noticed a shadow dragon
  5407 | D        | Killed a shadow dragon
  5424 | D        | Noticed a titan
  5428 | D        | Killed a titan
  5453 | D        | Noticed Boris
  5459 | D        | Killed Boris
  5463 | D        | Noticed a pearl dragon
  5467 | D        | Killed a pearl dragon
  5467 | D        | Received a gift from Trog
  5479 | D        | Noticed Fiating the pandemonium lord
  5504 | D        | HP: 7/206 [Fiating the pandemonium lord (35)]
  5505 | D        | Killed Fiating the pandemonium lord
  5685 | D        | Noticed a Brimstone Fiend
  5685 | D        | Noticed a storm dragon
  5721 | D        | Killed a Brimstone Fiend
  5725 | D        | Killed a storm dragon
  5762 | D        | Noticed Xeisuot the pandemonium lord
  5781 | D        | Killed Xeisuot the pandemonium lord
  5846 | D        | Noticed a titan
  5851 | D        | Killed a titan
  5857 | D        | Noticed a titan
  5857 | D        | Noticed the 27-headed Lernaean hydra
  5858 | D        | Noticed a royal mummy
  5877 | D        | Killed the 26-headed Lernaean hydra
  5884 | D        | Killed a royal mummy
  5885 | D        | Reached XP level 17. HP: 77/219 MP: 4/16
  5888 | D        | Killed a titan
  5888 | D        | Received a gift from Trog
  6013 | D        | Noticed Nuxugih the pandemonium lord
  6024 | D        | Killed Nuxugih the pandemonium lord
  6068 | D        | Noticed an Ice Fiend
  6072 | D        | Killed an Ice Fiend
  6141 | D        | Noticed Emmocsiruf the pandemonium lord
  6155 | D        | Killed Emmocsiruf the pandemonium lord
  6178 | D        | Noticed a curse toe
  6192 | D        | Noticed a Brimstone Fiend
  6197 | D        | Killed a curse toe
  6200 | D        | Killed a Brimstone Fiend
  6278 | D        | Noticed a pearl dragon
  6282 | D        | Killed a pearl dragon
  6284 | D        | Found the +2 Maxwell's thermic engine {flame, freeze, rev}
  6288 | D        | Got the ring of Xom's Ringing Laughter {Int+6 Slay+3}
  6302 | D        | Got an iron rune of Zot
  6304 | D        | Got the amulet "Xaubli Kint" {rF+ rC+ Regen+ rCorr Dex+2}
  6307 | D        | Got the amulet "Meboa" {Spirit Harm rPois Will- Slay+2}
  6322 | D        | Got the ring of the Tormentor {rF+ Dex+2}
  6398 | D        | Noticed a royal mummy
  6402 | D        | Killed a royal mummy
  6402 | D        | Received a gift from Trog
  6468 | D        | Noticed Pezirhea the pandemonium lord
  6476 | D        | Killed Pezirhea the pandemonium lord
  6525 | D        | Noticed an ancient lich
  6529 | D        | Killed an ancient lich
  6657 | D        | Found the +13 sceptre of Asmodeus
  6657 | D        | Noticed Asmodeus
  6666 | D        | Killed Asmodeus
  6666 | D        | Identified the +11 dire flail "Trog's Fury" {flame, rC++
                  | Str+3} (Trog gifted it to you in the Dungeon)
  6666 | D        | Received a gift from Trog
  6667 | D        | Reached skill level 10 in Shields
  6716 | D        | Noticed a Tzitzimitl
  6722 | D        | Killed a Tzitzimitl
  6728 | D        | Got the ring "Korch" {Dex+5 SInv Stlth+}
  6743 | D        | Got the amulet "Dauntoru" {Regen+ Dex+3 SInv}
  6745 | D        | Got the +2 hat "Pymuorgh" {Fly rF+ Regen+}
  6926 | D        | Noticed a bone dragon
  6933 | D        | Killed a bone dragon
  6935 | D        | Received a gift from Trog
  6936 | D        | Reached skill level 27 in Fighting
  6943 | D        | Noticed a titan
  6943 | D        | Noticed Margery
  6943 | D        | Noticed a lich
  6949 | D        | Noticed a golden dragon
  6953 | D        | Killed Margery
  6954 | D        | Reached skill level 27 in Dodging
  6954 | D        | Received a gift from Trog
  6956 | D        | Killed a lich
  6959 | D        | Killed a titan
  6967 | D        | Killed a golden dragon
  6971 | D        | Received a gift from Trog
  6976 | D        | Reached skill level 15 in Shields
  6982 | D        | Reached XP level 18. HP: 165/236 MP: 11/17
  7002 | D        | Received a gift from Trog
  7091 | D        | Received a gift from Trog
  7225 | D        | Identified the +7 broad axe of the Eight Lives {heavy,
                  | Drain rElec rC+ rCorr Str+2} (Trog gifted it to you in the
                  | Dungeon)
  7225 | D        | Received a gift from Trog
  7335 | D        | Received a gift from Trog
  7389 | D        | Found the +9 sword of Power {lifebolt}
  7434 | D        | Received a gift from Trog
  7459 | D        | Got the ring of the Stained God {*Corrode Will+ Str+5 Int+2
                  | Stlth-}
  7504 | D        | Noticed a Brimstone Fiend
  7504 | D        | Noticed a hellephant
  7511 | D        | Killed a Brimstone Fiend
  7527 | D        | Killed a hellephant
  7528 | D        | Reached skill level 27 in Armour
  7636 | D        | Received a gift from Trog
  7771 | D        | Received a gift from Trog
  7799 | D        | Received a gift from Trog
  7829 | D        | Received a gift from Trog
  7838 | D        | Lost intelligence.
  7857 | D        | Received a gift from Trog
  7887 | D        | Received a gift from Trog
  7907 | D        | Received a gift from Trog
  7931 | D        | Received a gift from Trog
  7986 | D        | Got a silver rune of Zot
  8155 | D        | Identified the +2 pair of gloves "Zeufru Geol" {rPois}
  8155 | D        | Noticed Nikola
  8161 | D        | Received a gift from Trog
  8172 | D        | Reached skill level 27 in Shields
  8177 | D        | Received a gift from Trog
  8178 | D        | Reached skill level 1 in Throwing
  8178 | D        | Reached skill level 1 in Stealth
  8181 | D        | Killed Nikola
  8237 | D        | Noticed an Orb Guardian
  8237 | D        | Noticed an Orb Guardian
  8237 | D        | Noticed an Orb Guardian
  8237 | D        | Noticed an Ice Fiend
  8238 | D        | Noticed Louise
  8239 | D        | Noticed Roudotis the pandemonium lord
  8242 | D        | Killed an Orb Guardian
  8242 | D        | Received a gift from Trog
  8243 | D        | Reached skill level 5 in Throwing
  8244 | D        | Killed an Orb Guardian
  8247 | D        | Killed an Orb Guardian
  8248 | D        | Reached XP level 19. HP: 245/245 MP: 16/18
  8251 | D        | Reached skill level 5 in Stealth
  8254 | D        | Noticed Mennas
  8255 | D        | Killed Roudotis the pandemonium lord
  8259 | D        | Noticed a Tzitzimitl
  8260 | D        | Noticed Xtahua
  8261 | D        | Killed Louise
  8261 | D        | Received a gift from Trog
  8269 | D        | Killed Mennas
  8279 | D        | Reached skill level 10 in Throwing
  8289 | D        | Killed a Tzitzimitl
  8289 | D        | Received a gift from Trog
  8290 | D        | Paralysed by Xtahua for 5 turns
  8298 | D        | Killed Xtahua
  8308 | D        | Received a gift from Trog
  8415 | D        | Received a gift from Trog
  8466 | D        | Noticed Uribru the pandemonium lord
  8468 | D        | Reached skill level 10 in Stealth
  8468 | D        | Noticed Mnoleg
  8481 | D        | Killed Uribru the pandemonium lord
  8482 | D        | Reached skill level 15 in Throwing
  8484 | D        | Noticed a Killer Klown
  8497 | D        | Killed Mnoleg
  8516 | D        | Received a gift from Trog
  8520 | D        | Killed a Killer Klown
  8718 | D        | Noticed Woashele the pandemonium lord
  8736 | D        | Killed Woashele the pandemonium lord
  8736 | D        | Received a gift from Trog
  8778 | D        | Noticed Veugisay the pandemonium lord
  8782 | D        | Noticed Khufu
  8784 | D        | Noticed a royal mummy
  8785 | D        | Noticed a royal mummy
  8823 | D        | HP: 4/245 [Khufu/divine providence (12)]
  8824 | D        | Slain by a death scarab

Illustrated notes

Levels and vault maps discovered:
D:        pitsprint [storerooms_1, entrance_room_1, metal_vault_4, armoury_3,
          mini_pit_1, grid_room_1, main_hall_1, silver_pit, the_coven_3,
          the_vestibule_1, steel_vault_3, golden_pit, hallway_of_sentries,
          crystal_vault_4, iron_vault_1, final_vault]

Skill      XL: |  1  2  3  4  5  6  7  8  9 10 11 12 13 14 15 16 17 18 19 |
---------------+----------------------------------------------------------+-----
Fighting       | 3 5 6 9 10 11 13 15 16 18 20 22 25 27 | 27.0
Dodging        | 3 5 6 8 10 11 13 15 16 18 20 22 24 27 | 27.0
Unarmed Combat | 6 7 8 10 12 13 15 17 19 21 23 25 27 | 27.0
Armour         | 7 11 16 18 21 25 27 | 27.0
Shields        | 15 27 | 27.0
Throwing       | 7 19 | 19.0
Stealth        | 4 13 | 13.7

Action                     |  1- 3 |  4- 6 |  7- 9 | 10-12 | 13-15 | 16-18 | 19-21 || total
---------------------------+-------+-------+-------+-------+-------+-------+-------++-------
  Melee: Unarmed           |    11 |    37 |    77 |   131 |   295 |   623 |   154 ||  1328
         Punch             |       |     2 |     9 |    16 |    38 |    23 |       ||    88
 Invoke: Brothers in Arms  |       |       |     2 |     8 |    10 |    13 |     2 ||    35
         Berserk           |       |       |       |     3 |     9 |    12 |     2 ||    26
         Trog's Hand       |       |       |       |       |       |     2 |     1 ||     3
  Evoke: Wand              |       |       |       |       |       |     1 |       ||     1
    Use: Potion            |       |       |     1 |       |     8 |     8 |    15 ||    32
         Scroll            |       |       |     1 |       |       |     1 |     3 ||     5
   Stab: Distracted        |       |       |       |     3 |       |       |       ||     3
         Invisible         |       |       |       |       |       |     2 |       ||     2
 Armour: Animal skin       |     5 |    25 |    93 |    61 |       |       |       ||   184
         Troll leather arm |       |       |       |    15 |       |       |       ||    15
         Ice dragon scales |       |       |       |    14 |   124 |       |       ||   138
         Storm dragon scal |       |       |       |       |    69 |       |       ||    69
         Gold dragon scale |       |       |       |       |    57 |   442 |   153 ||   652
  Dodge: Dodged            |     3 |    27 |    48 |    69 |    99 |   199 |    46 ||   491
  Block: Tower shield      |       |       |       |       |       |   426 |   178 ||   604

Table legend: (Time is in decaauts)
 A = Elapsed time spent in this place.
 B = Non-inter-level travel time spent in this place.
 C = Inter-level travel time spent in this place.
 D = Time resting spent in this place.
 E = Time spent auto-exploring this place.
 F = Levels seen in this place.
 G = Mean time per level.
                   A        B        C        D        E       F      G
               +--------+--------+--------+--------+--------+-----+--------+
         Total |   8563 |   8015 |    548 |   3352 |   1209 |   1 | 8563.0 |
       Dungeon |   8563 |   8015 |    548 |   3352 |   1209 |   1 | 8563.0 |
               +--------+--------+--------+--------+--------+-----+--------+

Top non-repeatable levels by time:
       D: 8563 daAuts
